MLB
DETROIT TIGERS @ LAS VEGAS ACES
05/21/2026
 
TOP OF THE 1ST
Detroit Tigers batting - Pitching for Las Vegas Aces : RHP Kevin Noh
Pitching: RHP Kevin Noh
Batting: LHB Jake Fox 0-0: Ball
1-0: Swinging Strike
1-1: Called Strike
1-2: Foul Ball, location: 7LSFF
1-2: Foul Ball, location: 5FF
1-2: SINGLE (Groundball, 4MS, EV 68.8 MPH) (infield hit)
Batting: LHB Michael Brantley 0-0: Called Strike
Jake Fox steals 2nd base
0-1: Fly out, F9 (Flyball, 9D, EV 108.1 MPH)
Runner from 2nd tags up, SAFE at 3rd, no throw by RF
Batting: RHB Elehuris Montero 0-0: Ball
1-0: Fly out, F8 (Line Drive, 8LM, EV 86.9 MPH)
Runner from 3rd tags up, SCORES, throw by CF
Batting: RHB John Rhodes 0-0: Called Strike
0-1: SINGLE (Groundball, 34D, EV 103.8 MPH)
Batting: RHB Christian Bethancourt 0-0: Ball
1-0: Fly out, F9 (Line Drive, 9, EV 101.9 MPH)
Top of the 1st over - 1 run, 2 hits, 0 errors, 1 left on base; Detroit 1 - Las Vegas 0
BOTTOM OF THE 1ST
Las Vegas Aces batting - Pitching for Detroit Tigers : RHP Bryse Wilson
Pitching: RHP Bryse Wilson
Batting: LHB Luis Arraez 0-0: Foul Ball, location: 7LDF
0-1: Fly out, F6 (Popup, 6M, EV 71.9 MPH)
Batting: SHB Tim Ripley 0-0: Ball
1-0: Ball
2-0: Ground out 3-1 (Groundball, 34S, EV 91.3 MPH)
Batting: SHB Wander Franco 0-0: Called Strike
0-1: Ball
1-1: Fly out, F4 (Popup, 4, EV 74.4 MPH)
Bottom of the 1st over - 0 runs, 0 hits, 0 errors, 0 left on base; Detroit 1 - Las Vegas 0
TOP OF THE 2ND
Detroit Tigers batting - Pitching for Las Vegas Aces : RHP Kevin Noh
Batting: RHB Luis Santana 0-0: Called Strike
0-1: Ball
1-1: Ball
2-1: Called Strike
2-2: Foul Ball, location: 23FF
2-2: Ground out 6-3 (Groundball, 6MS, EV 74.4 MPH)
Batting: RHB Seiya Suzuki 0-0: Ball
1-0: Ball
2-0: Called Strike
2-1: Foul Ball, location: 2F
2-2: Ball
3-2: Strikes out looking
Batting: LHB Tyler Black 0-0: Called Strike
0-1: Foul Ball, location: 3F
0-2: Strikes out swinging
Top of the 2nd over - 0 runs, 0 hits, 0 errors, 0 left on base; Detroit 1 - Las Vegas 0
BOTTOM OF THE 2ND
Las Vegas Aces batting - Pitching for Detroit Tigers : RHP Bryse Wilson
Batting: LHB Jackson Merrill 0-0: Ball
1-0: Ball
2-0: Fly out, F9 (Line Drive, 9, EV 99.4 MPH)
Batting: LHB Andres Gimenez 0-0: Ball
1-0: Foul Ball, location: 2F
1-1: Called Strike
1-2: Fly out, F7 (Line Drive, 78M, EV 94.4 MPH)
Batting: RHB Yandy Diaz 0-0: Ball
1-0: Ball
2-0: Called Strike
2-1: SINGLE (Popup, 5D, EV 64.4 MPH)
Batting: LHB TJ Friedl 0-0: Called Strike
0-1: 2-RUN HOME RUN (Flyball, 7LD, EV 95.6 MPH), Distance : 351 ft
Batting: RHB Carson Kelly 0-0: Called Strike
0-1: Ground out 1-3 (Groundball, 15S, EV 70.6 MPH)
Bottom of the 2nd over - 2 runs, 2 hits, 0 errors, 0 left on base; Detroit 1 - Las Vegas 2
TOP OF THE 3RD
Detroit Tigers batting - Pitching for Las Vegas Aces : RHP Kevin Noh
Batting: RHB Cristian Pache 0-0: Called Strike
0-1: Ball
1-1: Ground out 6-3 (Groundball, 6MD, EV 98.8 MPH)
Batting: LHB Jake Fox 0-0: Called Strike
0-1: Ground out 5-3 (Groundball, 56S, EV 76.9 MPH)
Batting: LHB Michael Brantley 0-0: Called Strike
0-1: Called Strike
0-2: Ball
1-2: Ball
2-2: Strikes out looking
Top of the 3rd over - 0 runs, 0 hits, 0 errors, 0 left on base; Detroit 1 - Las Vegas 2
BOTTOM OF THE 3RD
Las Vegas Aces batting - Pitching for Detroit Tigers : RHP Bryse Wilson
Batting: LHB Steven Kwan 0-0: Foul Ball, location: 7LSF
0-1: Swinging Strike
0-2: Ball
1-2: Ball
2-2: Strikes out swinging
Batting: LHB Luis Arraez 0-0: Ground out 6-3 (Groundball, 6, EV 110.0 MPH)
Batting: SHB Tim Ripley 0-0: Fly out, F5 (Popup, 25F, EV 84.4 MPH)
Bottom of the 3rd over - 0 runs, 0 hits, 0 errors, 0 left on base; Detroit 1 - Las Vegas 2
TOP OF THE 4TH
Detroit Tigers batting - Pitching for Las Vegas Aces : RHP Kevin Noh
Batting: RHB Elehuris Montero 0-0: Called Strike
0-1: Ball
1-1: Swinging Strike
1-2: Strikes out swinging
Batting: RHB John Rhodes 0-0: Called Strike
0-1: Ball
1-1: Ball
2-1: Foul Ball, location: 2F
2-2: Fly out, F5 (Popup, 56S, EV 67.5 MPH)
Batting: RHB Christian Bethancourt 0-0: Ball
1-0: Fly out, F8 (Flyball, 8LM, EV 75.6 MPH)
Top of the 4th over - 0 runs, 0 hits, 0 errors, 0 left on base; Detroit 1 - Las Vegas 2
BOTTOM OF THE 4TH
Las Vegas Aces batting - Pitching for Detroit Tigers : RHP Bryse Wilson
Batting: SHB Wander Franco 0-0: Ball
1-0: Called Strike
1-1: Fly out, F8 (Flyball, 8LM, EV 77.5 MPH)
Batting: LHB Jackson Merrill 0-0: Ball
1-0: Swinging Strike
1-1: Ball
2-1: Foul Ball, location: 7LSF
2-2: Fly out, F9 (Flyball, 89S, EV 93.8 MPH)
Batting: LHB Andres Gimenez 0-0: Called Strike
0-1: Ball
1-1: Foul Ball, location: 2F
1-2: Foul Ball, location: 2F
1-2: SINGLE (Groundball, 4MD, EV 95.6 MPH)
Batting: RHB Yandy Diaz Pickoff Throw to First - Out! 1-3
Bottom of the 4th over - 0 runs, 1 hit, 0 errors, 0 left on base; Detroit 1 - Las Vegas 2
TOP OF THE 5TH
Detroit Tigers batting - Pitching for Las Vegas Aces : RHP Kevin Noh
Batting: RHB Luis Santana 0-0: DOUBLE (Line Drive, 78XD, EV 106.3 MPH)
Batting: RHB Seiya Suzuki 0-0: Ball
1-0: Foul Ball, location: 5F
1-1: SINGLE (Line Drive, 9S, EV 100.0 MPH)
Luis Santana to third
Batting: LHB Tyler Black 0-0: Called Strike
0-1: Foul Ball, location: 7LDF
0-2: Ball
1-2: SINGLE (Line Drive, 78S, EV 91.9 MPH)
Luis Santana scores
Seiya Suzuki to second
Batting: RHB Cristian Pache 0-0: Bunt - Flyout to 2L! F2
Batting: LHB Jake Fox 0-0: Ball
1-0: Ball
2-0: Ball
3-0: Called Strike
3-1: Base on Balls
Seiya Suzuki to third
Tyler Black to second
Batting: LHB Michael Brantley 0-0: Ball
1-0: Ball
2-0: Grounds into fielders choice 4-2 (Groundball, 4, EV 88.1 MPH)
Tyler Black to third
Jake Fox to second
Batting: RHB Elehuris Montero 0-0: Ball
1-0: Ball
2-0: Fly out, F8 (Flyball, 8RXD, EV 95.0 MPH)
Top of the 5th over - 1 run, 3 hits, 0 errors, 3 left on base; Detroit 2 - Las Vegas 2
BOTTOM OF THE 5TH
Las Vegas Aces batting - Pitching for Detroit Tigers : RHP Bryse Wilson
Batting: RHB Yandy Diaz 0-0: Foul Ball, location: 9LDF
0-1: Ball
1-1: Ball
2-1: Ball
3-1: Foul Ball, location: 2F
3-2: Reached on error, E5 (Groundball, 56, EV 97.5 MPH)
Batting: LHB TJ Friedl 0-0: Ball
1-0: Ball
2-0: Called Strike
2-1: Foul Ball, location: 7LMF
2-2: Foul Ball, location: 7LDF
2-2: Foul Ball, location: 25FF
2-2: SINGLE (Line Drive, 78S, EV 100.0 MPH)
Yandy Diaz to second
Batting: RHB Carson Kelly 0-0: Fly out, F8 (Flyball, 89M, EV 82.5 MPH)
Batting: LHB Steven Kwan 0-0: Ball
1-0: Swinging Strike
1-1: Foul Ball, location: 2F
1-2: Ball
2-2: Ball
3-2: Foul Ball, location: 23F
3-2: DOUBLE (Groundball, 3L, EV 101.9 MPH)
Yandy Diaz scores
TJ Friedl to third
Batting: LHB Luis Arraez 0-0: Called Strike
0-1: Ball
1-1: Foul Ball, location: 2F
1-2: Ball
2-2: Ball
3-2: Strikes out looking
Batting: SHB Tim Ripley 0-0: Called Strike
0-1: Ball
1-1: Ball
2-1: Ball
3-1: Ground out 6-3 (Groundball, 56, EV 91.9 MPH)
Bottom of the 5th over - 1 run, 2 hits, 1 error, 2 left on base; Detroit 2 - Las Vegas 3
TOP OF THE 6TH
Detroit Tigers batting - Pitching for Las Vegas Aces : RHP Kevin Noh
Batting: RHB John Rhodes 0-0: Called Strike
0-1: Swinging Strike
0-2: Ball
1-2: Foul Ball, location: 25F
1-2: Ball
2-2: Fly out, F4 (Popup, 23, EV 83.1 MPH)
Batting: RHB Christian Bethancourt 0-0: Called Strike
0-1: Ground out 6-3 (Groundball, 6S, EV 71.9 MPH)
Batting: RHB Luis Santana 0-0: Ball
1-0: Called Strike
1-1: Called Strike
1-2: Ground out 5-3 (Groundball, 56S, EV 86.9 MPH)
Top of the 6th over - 0 runs, 0 hits, 0 errors, 0 left on base; Detroit 2 - Las Vegas 3
BOTTOM OF THE 6TH
Las Vegas Aces batting - Pitching for Detroit Tigers : RHP Bryse Wilson
Batting: SHB Wander Franco 0-0: Ground out U3 (Groundball, 3S, EV 81.3 MPH)
Batting: LHB Jackson Merrill 0-0: Ball
1-0: Ball
2-0: Foul Ball, location: 3F
2-1: Swinging Strike
2-2: Ball
3-2: SINGLE (Flyball, 8LS, EV 88.8 MPH)
Pitching: RHP Josh Sborz
Batting: LHB Andres Gimenez 0-0: Foul Ball, location: 2F
Balk!
Jackson Merrill to second
0-1: Ball
1-1: Foul Ball, location: 3SF
1-2: Ball
2-2: Foul Ball, location: 2F
2-2: Foul Ball, location: 7LMF
2-2: Strikes out swinging
Batting: RHB Yandy Diaz 0-0: Ball
1-0: Foul Ball, location: 2F
1-1: Fly out, F8 (Flyball, 8RM, EV 81.3 MPH)
Bottom of the 6th over - 0 runs, 1 hit, 0 errors, 1 left on base; Detroit 2 - Las Vegas 3
TOP OF THE 7TH
Detroit Tigers batting - Pitching for Las Vegas Aces : RHP Kevin Noh
Batting: RHB Seiya Suzuki 0-0: Foul Ball, location: 9LSF
0-1: Ball
1-1: SINGLE (Line Drive, 7S, EV 103.1 MPH)
Pitching: RHP Jason Adam
Batting: LHB Tyler Black 0-0: Ball
1-0: Ball
2-0: Swinging Strike
2-1: Ball
3-1: Swinging Strike
3-2: Foul Ball, location: 5FF
3-2: Base on Balls
Seiya Suzuki to second
Batting: RHB Cristian Pache 0-0: Ball
1-0: Sac Bunt to 13S - play at first, batter OUT! 1-4
Seiya Suzuki to third
Tyler Black to second
Batting: LHB Jake Fox 0-0: Called Strike
0-1: Ball
1-1: Foul Ball, location: 7LMFF
1-2: Fly out, F7 (Flyball, 7D, EV 110.6 MPH)
Runner from 3rd tags up, SCORES, no throw by LF
Tyler Black to third
Batting: LHB Michael Brantley 0-0: Called Strike
0-1: Ball
1-1: Ball
2-1: Ball
3-1: Swinging Strike
3-2: Foul Ball, location: 2F
3-2: Ground out U3 (Groundball, 34, EV 104.4 MPH)
Top of the 7th over - 1 run, 1 hit, 0 errors, 1 left on base; Detroit 3 - Las Vegas 3
BOTTOM OF THE 7TH
Las Vegas Aces batting - Pitching for Detroit Tigers : RHP Josh Sborz
Batting: LHB TJ Friedl 0-0: Ball
1-0: Ball
2-0: Ball
3-0: Called Strike
3-1: Foul Ball, location: 3F
3-2: Ground out 4-3 (Groundball, 4, EV 76.9 MPH)
Batting: RHB Carson Kelly 0-0: Ball
1-0: Called Strike
1-1: Swinging Strike
1-2: Strikes out swinging
Batting: LHB Steven Kwan 0-0: Ball
1-0: Foul Ball, location: 7LMF
1-1: Called Strike
1-2: Ground out 6-3 (Groundball, 6, EV 102.5 MPH)
Bottom of the 7th over - 0 runs, 0 hits, 0 errors, 0 left on base; Detroit 3 - Las Vegas 3
TOP OF THE 8TH
Detroit Tigers batting - Pitching for Las Vegas Aces : RHP Jason Adam
Batting: RHB Elehuris Montero 0-0: Ball
1-0: Foul Ball, location: 2F
1-1: Foul Ball, location: 9LSFF
1-2: Ball
2-2: Ground out 5-3 (Groundball, 56S, EV 86.9 MPH)
Batting: RHB John Rhodes 0-0: Ball
1-0: SINGLE (Groundball, 6MD, EV 94.4 MPH)
Pitching: LHP Robbie Ray
Batting: RHB Christian Bethancourt 0-0: Called Strike
0-1: Ball
1-1: Swinging Strike
1-2: Strikes out swinging
Batting: RHB Luis Santana 0-0: Ball
1-0: Swinging Strike
1-1: Ball
2-1: Ball
3-1: Called Strike
3-2: Strikes out swinging
Top of the 8th over - 0 runs, 1 hit, 0 errors, 1 left on base; Detroit 3 - Las Vegas 3
BOTTOM OF THE 8TH
Las Vegas Aces batting - Pitching for Detroit Tigers : RHP Josh Sborz
Pitching: LHP Ramon Perez
Batting: LHB Luis Arraez 0-0: Ground out 3-1 (Groundball, 34S, EV 80.6 MPH)
Batting: SHB Tim Ripley 0-0: Fly out, F9 (Line Drive, 89M, EV 93.8 MPH)
Batting: SHB Wander Franco 0-0: Called Strike
0-1: Swinging Strike
0-2: Ball
1-2: Ball
2-2: Strikes out swinging, 2-3 out at first.
Bottom of the 8th over - 0 runs, 0 hits, 0 errors, 0 left on base; Detroit 3 - Las Vegas 3
TOP OF THE 9TH
Detroit Tigers batting - Pitching for Las Vegas Aces : LHP Robbie Ray
Batting: RHB Seiya Suzuki 0-0: Ball
1-0: Ball
2-0: Foul Ball, location: 9LDF
2-1: Foul Ball, location: 2F
2-2: Ball
3-2: Strikes out looking
Batting: LHB Tyler Black 0-0: Ball
1-0: Ball
2-0: Ball
3-0: Called Strike
3-1: Foul Ball, location: 3F
3-2: Base on Balls
Batting: RHB Cristian Pache 0-0: Ball
1-0: Bunted foul
1-1: Sac Bunt to 15 - play at first, batter OUT! 1-3
Tyler Black to second
Batting: LHB Jake Fox 0-0: Ground out 6-3 (Groundball, 6, EV 88.8 MPH)
Top of the 9th over - 0 runs, 0 hits, 0 errors, 1 left on base; Detroit 3 - Las Vegas 3
BOTTOM OF THE 9TH
Las Vegas Aces batting - Pitching for Detroit Tigers : LHP Ramon Perez
Batting: LHB Jackson Merrill 0-0: Ball
1-0: Foul Ball, location: 2F
1-1: Ball
2-1: Ball
3-1: Base on Balls
Batting: LHB Andres Gimenez 0-0: Ball
1-0: Foul Ball, location: 2F
1-1: Foul Ball, location: 7LSF
1-2: Hit by Pitch
Jackson Merrill to second
Batting: RHB Yandy Diaz 0-0: Ball
1-0: Called Strike
1-1: Ball
2-1: Ball
3-1: Foul Ball, location: 2RF
3-2: Base on Balls
Jackson Merrill to third
Andres Gimenez to second
Batting: LHB TJ Friedl 0-0: Called Strike
0-1: Fly out, F8 (Flyball, 8LM, EV 86.9 MPH)
Runner from 3rd tags up, SCORES, throw by CF
Bottom of the 9th over - 1 run, 0 hits, 0 errors, 2 left on base; Detroit 3 - Las Vegas 4
Wednesday, January 24th , 2024 - OOTP Baseball 24.11 Build 85